TOP OF THE 1ST |
Tri-City Dust Devils batting - Pitching for Batavia Muckdogs : RHP Ryan Weedon
|
Pitching: RHP Ryan Weedon
|
|
Batting: LHB Phil Lerner
|
0-0: Called Strike 0-1: Ball 1-1: SOLO HOME RUN (Flyball, 9D, EV 98.8 MPH), Distance : 377 ft
|
Batting: RHB Hector Fernandez
|
0-0: Ball 1-0: Called Strike 1-1: Swinging Strike 1-2: Ball 2-2: Foul Ball, location: 2F 2-2: Foul Ball, location: 2F 2-2: Strikes out swinging
|
Batting: SHB Isaiah Scates
|
0-0: Called Strike 0-1: Ball 1-1: Fly out, F9 (Line Drive, 9, EV 95.0 MPH)
|
Batting: RHB Eric McMillian
|
0-0: Called Strike 0-1: Ball 1-1: Foul Ball, location: 2F 1-2: Ball 2-2: Strikes out swinging
|
Top of the 1st over - 1 run, 1 hit, 0 errors, 0 left on base; Tri-City 1 - Batavia 0 |
BOTTOM OF THE 1ST |
Batavia Muckdogs batting - Pitching for Tri-City Dust Devils : RHP Jamie Bostic
|
Pitching: RHP Jamie Bostic
|
|
Batting: SHB Justin Corbett
|
0-0: Ball 1-0: Ball 2-0: Ball 3-0: Called Strike 3-1: Called Strike 3-2: SINGLE (Groundball, 34D, EV 80.6 MPH) (infield hit)
|
Batting: LHB Danny Treto
|
0-0: Ball 1-0: Ball 2-0: Ball 3-0: Base on Balls Justin Corbett to second
|
Batting: RHB Reomel Somera
|
0-0: Ball 1-0: Foul Ball, location: 2F 1-1: Ball 2-1: Foul Ball, location: 2F 2-2: Strikes out looking
|
Batting: RHB Justin Dunham
|
0-0: Swinging Strike 0-1: Fielders Choice at 2nd, 6-4 (Groundball, 6, EV 86.9 MPH) Justin Corbett to third
|
Batting: SHB Greg Rivera
|
0-0: Called Strike 0-1: Called Strike 0-2: Foul Ball, location: 2F 0-2: SINGLE (Flyball, 89S, EV 92.5 MPH) Justin Corbett scores Justin Dunham to second Runner from 2nd tries for 3rd, SAFE, throw by RF made to third
|
Batting: RHB George Boivin
|
0-0: Ball 1-0: Ball 2-0: Ball 3-0: Base on Balls Greg Rivera to second
|
Batting: RHB Andy Kelly
|
0-0: Called Strike 0-1: Ground out 4-3 (Groundball, 34, EV 108.8 MPH)
|
Bottom of the 1st over - 1 run, 2 hits, 0 errors, 3 left on base; Tri-City 1 - Batavia 1 |
TOP OF THE 2ND |
Tri-City Dust Devils batting - Pitching for Batavia Muckdogs : RHP Ryan Weedon
|
Batting: RHB Phil McFadden
|
0-0: SINGLE (Flyball, 9S, EV 89.4 MPH)
|
Batting: RHB Frank Elizondo
|
0-0: Ball 1-0: Ball 2-0: Swinging Strike 2-1: Grounds into double play, 6-4-3 (Groundball, 6, EV 81.9 MPH)
|
Batting: RHB Max Stillo
|
0-0: Ground out 3-1 (Groundball, 34, EV 102.5 MPH)
|
Top of the 2nd over - 0 runs, 1 hit, 0 errors, 0 left on base; Tri-City 1 - Batavia 1 |
BOTTOM OF THE 2ND |
Batavia Muckdogs batting - Pitching for Tri-City Dust Devils : RHP Jamie Bostic
|
Batting: RHB Calvin Morin
|
0-0: Called Strike 0-1: Foul Ball, location: 2F 0-2: Ball 1-2: Ball 2-2: Foul Ball, location: 2F 2-2: Strikes out looking
|
Batting: RHB Jeremy Dennis
|
0-0: Ball 1-0: Bunted foul 1-1: Fly out, F9 (Flyball, 9LD, EV 98.8 MPH)
|
Batting: SHB Justin Corbett
|
0-0: Called Strike 0-1: Called Strike 0-2: Ball 1-2: Strikes out swinging
|
Bottom of the 2nd over - 0 runs, 0 hits, 0 errors, 0 left on base; Tri-City 1 - Batavia 1 |
TOP OF THE 3RD |
Tri-City Dust Devils batting - Pitching for Batavia Muckdogs : RHP Ryan Weedon
|
Batting: RHB Shane Bruce
|
0-0: Called Strike 0-1: Fly out, F8 (Line Drive, 8LM, EV 110.0 MPH)
|
Batting: RHB Ed Oake
|
0-0: Ball 1-0: Fly out, F9 (Line Drive, 9LM, EV 106.2 MPH)
|
Batting: LHB Phil Lerner
|
0-0: SINGLE (Line Drive, 34, EV 94.4 MPH)
|
Batting: RHB Hector Fernandez
|
0-0: Swinging Strike 0-1: Ball 1-1: Foul Ball, location: 2F 1-2: Ball 2-2: Ball 3-2: SINGLE (Groundball, 56D, EV 101.2 MPH) Phil Lerner to second Phil Lerner to third
|
Batting: SHB Isaiah Scates
|
0-0: Ball 1-0: Ball 2-0: Called Strike 2-1: Ball 3-1: Swinging Strike 3-2: Strikes out swinging
|
Top of the 3rd over - 0 runs, 2 hits, 0 errors, 2 left on base; Tri-City 1 - Batavia 1 |
BOTTOM OF THE 3RD |
Batavia Muckdogs batting - Pitching for Tri-City Dust Devils : RHP Jamie Bostic
|
Batting: LHB Danny Treto
|
0-0: Ball 1-0: Ball 2-0: Swinging Strike 2-1: Foul Ball, location: 2F 2-2: Ball 3-2: Foul Ball, location: 2F 3-2: Ground out 4-3 (Groundball, 4, EV 100.6 MPH)
|
Batting: RHB Reomel Somera
|
0-0: Called Strike 0-1: Called Strike 0-2: Foul Ball, location: 2F 0-2: SINGLE (Line Drive, 7S, EV 90.0 MPH)
|
Batting: RHB Justin Dunham
|
0-0: Ball Reomel Somera steals 2nd, throwing error, E2 Reomel Somera to third 1-0: Called Strike 1-1: Called Strike 1-2: Ball 2-2: Strikes out swinging
|
Batting: SHB Greg Rivera
|
0-0: Ball Wild Pitch! Reomel Somera scores 1-0: Called Strike 1-1: Swinging Strike 1-2: Strikes out swinging
|
Bottom of the 3rd over - 1 run, 1 hit, 1 error, 0 left on base; Tri-City 1 - Batavia 2 |
TOP OF THE 4TH |
Tri-City Dust Devils batting - Pitching for Batavia Muckdogs : RHP Ryan Weedon
|
Batting: RHB Eric McMillian
|
0-0: Called Strike 0-1: Foul Ball, location: 2F 0-2: Foul Ball, location: 2F 0-2: Ball 1-2: SINGLE (Flyball, 4MD, EV 83.8 MPH)
|
Batting: RHB Phil McFadden
|
0-0: Swinging Strike 0-1: Called Strike 0-2: Foul Ball, location: 2F 0-2: Foul Ball, location: 2F 0-2: Ball 1-2: Foul Ball, location: 2F 1-2: Ball Wild Pitch! Eric McMillian to second 2-2: Foul Ball, location: 2F 2-2: SINGLE (Groundball, 6MD, EV 99.4 MPH) Eric McMillian to third
|
Batting: RHB Frank Elizondo
|
0-0: Foul Ball, location: 2F 0-1: Ball 1-1: Ball 2-1: Called Strike 2-2: Strikes out swinging
|
Batting: RHB Max Stillo
|
0-0: Ball 1-0: Ball 2-0: Ball 3-0: Called Strike 3-1: Base on Balls Phil McFadden to second
|
Batting: RHB Shane Bruce
|
0-0: Swinging Strike 0-1: Foul Ball, location: 2F 0-2: Foul Ball, location: 2F 0-2: Foul Ball, location: 2F 0-2: Fly out, F3 (Popup, 3DF, EV 74.4 MPH)
|
Batting: RHB Ed Oake
|
0-0: Called Strike 0-1: Ball 1-1: Ball 2-1: Ball 3-1: Base on Balls Eric McMillian scores Phil McFadden to third Max Stillo to second
|
Batting: LHB Phil Lerner
|
0-0: Ground out U3 (Groundball, 3L, EV 88.1 MPH)
|
Top of the 4th over - 1 run, 2 hits, 0 errors, 3 left on base; Tri-City 2 - Batavia 2 |
BOTTOM OF THE 4TH |
Batavia Muckdogs batting - Pitching for Tri-City Dust Devils : RHP Jamie Bostic
|
Batting: RHB George Boivin
|
0-0: Ball 1-0: Ball 2-0: Swinging Strike 2-1: Ball 3-1: Base on Balls
|
Batting: RHB Andy Kelly
|
0-0: Foul Ball, location: 2F 0-1: SINGLE (Groundball, 56, EV 100.0 MPH) George Boivin to second
|
Batting: RHB Calvin Morin
|
0-0: Foul Ball, location: 2F 0-1: Called Strike 0-2: Ball 1-2: Ball 2-2: SINGLE (Flyball, 7S, EV 94.4 MPH) George Boivin to third Andy Kelly to second
|
Batting: RHB Jeremy Dennis
|
0-0: Ball 1-0: Ball 2-0: Called Strike 2-1: Foul Ball, location: 2F 2-2: Strikes out looking
|
Batting: SHB Justin Corbett
|
0-0: Called Strike 0-1: Foul Ball, location: 2F 0-2: Fly out, F8 (Flyball, 8LD, EV 83.8 MPH) Runner from 3rd tags up, SCORES, throw by CF Andy Kelly to third
|
Pitching: RHP Troy Conners
|
|
Batting: LHB Danny Treto
|
0-0: Ball 1-0: Foul Ball, location: 2F 1-1: Fielders Choice at 2nd, 6-4 (Groundball, 6, EV 97.5 MPH)
|
Bottom of the 4th over - 1 run, 2 hits, 0 errors, 2 left on base; Tri-City 2 - Batavia 3 |
TOP OF THE 5TH |
Tri-City Dust Devils batting - Pitching for Batavia Muckdogs : RHP Ryan Weedon
|
Batting: RHB Hector Fernandez
|
0-0: Called Strike 0-1: Foul Ball, location: 2F 0-2: Foul Ball, location: 2F 0-2: Ball 1-2: Strikes out swinging
|
Pitching: RHP Alfonso Mier
|
|
Batting: SHB Isaiah Scates
|
0-0: Swinging Strike 0-1: Called Strike 0-2: Ball 1-2: Strikes out swinging
|
Batting: RHB Eric McMillian
|
0-0: Swinging Strike 0-1: Ground out 6-3 (Groundball, 6, EV 76.9 MPH)
|
Top of the 5th over - 0 runs, 0 hits, 0 errors, 0 left on base; Tri-City 2 - Batavia 3 |
BOTTOM OF THE 5TH |
Batavia Muckdogs batting - Pitching for Tri-City Dust Devils : RHP Troy Conners
|
Batting: RHB Reomel Somera
|
0-0: Ball 1-0: Ball 2-0: SINGLE (Line Drive, 56D, EV 97.5 MPH)
|
Batting: RHB Justin Dunham
|
0-0: DOUBLE (Flyball, 8LXD, EV 106.9 MPH) Reomel Somera to third
|
Batting: SHB Greg Rivera
|
0-0: Called Strike 0-1: Ground out 4-3 (Groundball, 4, EV 87.5 MPH) Reomel Somera scores Justin Dunham to third
|
Batting: RHB George Boivin
|
0-0: Called Strike 0-1: Swinging Strike 0-2: Ball 1-2: Ball 2-2: Strikes out swinging
|
Batting: RHB Andy Kelly
|
0-0: Called Strike 0-1: Called Strike 0-2: Ground out 5-3 (Groundball, 56S, EV 85.0 MPH)
|
Bottom of the 5th over - 1 run, 2 hits, 0 errors, 1 left on base; Tri-City 2 - Batavia 4 |
TOP OF THE 6TH |
Tri-City Dust Devils batting - Pitching for Batavia Muckdogs : RHP Alfonso Mier
|
Batting: RHB Phil McFadden
|
0-0: Called Strike 0-1: Ball 1-1: Swinging Strike 1-2: Foul Ball, location: 2F 1-2: Foul Ball, location: 2F 1-2: Ball 2-2: Foul Ball, location: 2F 2-2: TRIPLE (Flyball, 9LD, EV 104.4 MPH)
|
Batting: RHB Frank Elizondo
|
0-0: Called Strike 0-1: Ball Wild Pitch! Phil McFadden scores 1-1: Called Strike 1-2: Ball 2-2: SOLO HOME RUN (Flyball, 9LD, EV 95.6 MPH), Distance : 351 ft
|
Batting: RHB Max Stillo
|
0-0: Ball 1-0: Ball 2-0: Called Strike 2-1: Ground out U3 (Groundball, 34, EV 86.9 MPH)
|
Batting: RHB Shane Bruce
|
0-0: Ball 1-0: Swinging Strike 1-1: Swinging Strike 1-2: Foul Ball, location: 2F 1-2: Strikes out looking
|
Batting: RHB Ed Oake
|
0-0: Ball 1-0: Ground out 3-1 (Groundball, 34, EV 102.5 MPH)
|
Top of the 6th over - 2 runs, 2 hits, 0 errors, 0 left on base; Tri-City 4 - Batavia 4 |
BOTTOM OF THE 6TH |
Batavia Muckdogs batting - Pitching for Tri-City Dust Devils : RHP Troy Conners
|
Batting: RHB Calvin Morin
|
0-0: Ball 1-0: Foul Ball, location: 2F 1-1: Foul Ball, location: 2F 1-2: Ball 2-2: Ground out U3 (Groundball, 34, EV 103.8 MPH)
|
Batting: RHB Jeremy Dennis
|
0-0: Called Strike 0-1: Ball 1-1: Ball 2-1: Swinging Strike 2-2: Ball 3-2: Foul Ball, location: 2F 3-2: Foul Ball, location: 2F 3-2: Base on Balls
|
Pitching: RHP Jamal Kilburn
|
|
Batting: SHB Justin Corbett
|
0-0: Called Strike 0-1: Foul Ball, location: 2F 0-2: Strikes out swinging
|
Batting: LHB Danny Treto
|
0-0: Ball Jeremy Dennis steals 2nd base (no throw) 1-0: Called Strike 1-1: Swinging Strike 1-2: Ball 2-2: Foul Ball, location: 2F 2-2: Ball 3-2: Base on Balls
|
Batting: RHB Reomel Somera
|
0-0: Ball 1-0: Ball 2-0: Foul Ball, location: 2F 2-1: Foul Ball, location: 2F 2-2: Ball 3-2: Base on Balls Jeremy Dennis to third Danny Treto to second
|
Batting: RHB Justin Dunham
|
0-0: Called Strike 0-1: Ball 1-1: Foul Ball, location: 2F 1-2: Ball 2-2: Reached on error, E7 (Flyball, 7, EV 92.5 MPH) Jeremy Dennis scores Danny Treto scores Reomel Somera to third
|
Batting: SHB Greg Rivera
|
0-0: Ball 1-0: Called Strike 1-1: Ball 2-1: Ball 3-1: SINGLE (Flyball, 9S, EV 91.9 MPH) Reomel Somera scores Justin Dunham to third
|
Pitching: RHP Chris Pisor
|
|
Batting: RHB George Boivin
|
0-0: Ball 1-0: Ball 2-0: Ball 3-0: Called Strike 3-1: Swinging Strike 3-2: Base on Balls Greg Rivera to second
|
Batting: RHB Andy Kelly
|
0-0: Swinging Strike 0-1: Called Strike 0-2: Ball 1-2: Ball 2-2: Strikes out swinging
|
Bottom of the 6th over - 3 runs, 1 hit, 1 error, 3 left on base; Tri-City 4 - Batavia 7 |
TOP OF THE 7TH |
Tri-City Dust Devils batting - Pitching for Batavia Muckdogs : RHP Alfonso Mier
|
Batting: LHB Phil Lerner
|
0-0: Ball 1-0: Ball 2-0: Ball 3-0: Base on Balls
|
Pitching: RHP Matt Slater
|
|
Batting: RHB Hector Fernandez
|
0-0: Called Strike Phil Lerner is caught stealing 2nd base 2-4 0-1: Ball 1-1: Fly out, F8 (Flyball, 8RD, EV 84.4 MPH)
|
Batting: SHB Isaiah Scates
|
0-0: Called Strike 0-1: Ball 1-1: Ball 2-1: Called Strike 2-2: Foul Ball, location: 2F 2-2: SINGLE (Groundball, 4D, EV 103.1 MPH)
|
Batting: RHB Eric McMillian
|
0-0: Ball 1-0: SINGLE (Groundball, 34, EV 95.0 MPH) Isaiah Scates to second Runner from 2nd tries for 3rd, SAFE, throw by RF made to third
|
Batting: RHB Phil McFadden
|
0-0: Ball 1-0: Ball 2-0: Ball 3-0: Called Strike 3-1: Fly out, F9 (Flyball, 9LM, EV 85.0 MPH)
|
Top of the 7th over - 0 runs, 2 hits, 0 errors, 2 left on base; Tri-City 4 - Batavia 7 |
BOTTOM OF THE 7TH |
Batavia Muckdogs batting - Pitching for Tri-City Dust Devils : RHP Chris Pisor
|
Batting: RHB Calvin Morin
|
0-0: Ball 1-0: Ground out 4-3 (Groundball, 4, EV 82.5 MPH)
|
Batting: RHB Jeremy Dennis
|
0-0: Swinging Strike 0-1: Ball 1-1: Swinging Strike 1-2: Foul Ball, location: 2F 1-2: Ball 2-2: Strikes out swinging
|
Batting: SHB Justin Corbett
|
0-0: Called Strike 0-1: Foul Ball, location: 2F 0-2: TRIPLE (Flyball, 8LXD, EV 90.6 MPH)
|
Batting: LHB Danny Treto
|
0-0: Ball 1-0: Called Strike 1-1: Called Strike 1-2: Foul Ball, location: 2F 1-2: Strikes out swinging
|
Bottom of the 7th over - 0 runs, 1 hit, 0 errors, 1 left on base; Tri-City 4 - Batavia 7 |
TOP OF THE 8TH |
Tri-City Dust Devils batting - Pitching for Batavia Muckdogs : RHP Matt Slater
|
Batting: RHB Frank Elizondo
|
0-0: Foul Ball, location: 2F 0-1: Called Strike 0-2: Strikes out swinging
|
Batting: RHB Max Stillo
|
0-0: Foul Ball, location: 2F 0-1: Ball 1-1: Ball 2-1: Foul Ball, location: 2F 2-2: Strikes out swinging
|
Pinch Hitting: LHB Ramon Vega
|
0-0: SINGLE (Line Drive, 6D, EV 102.5 MPH)
|
Batting: RHB Ed Oake
|
0-0: Foul Ball, location: 2F 0-1: Ball 1-1: Foul Ball, location: 2F 1-2: Strikes out swinging
|
Top of the 8th over - 0 runs, 1 hit, 0 errors, 1 left on base; Tri-City 4 - Batavia 7 |
BOTTOM OF THE 8TH |
Batavia Muckdogs batting - Pitching for Tri-City Dust Devils : RHP Chris Pisor
|
Pitching: RHP Cal Abbott
|
|
Now in LF: Isaiah Scates
|
|
Now in CF: Ramon Vega
|
|
Batting: RHB Reomel Somera
|
0-0: Ball 1-0: Foul Ball, location: 2F 1-1: Ball 2-1: Ball 3-1: Swinging Strike 3-2: Strikes out swinging
|
Batting: RHB Justin Dunham
|
0-0: Called Strike 0-1: Called Strike 0-2: Ball 1-2: Foul Ball, location: 2F 1-2: Strikes out swinging
|
Batting: SHB Greg Rivera
|
0-0: Ball 1-0: Ball 2-0: Foul Ball, location: 2F 2-1: Called Strike 2-2: Strikes out swinging
|
Bottom of the 8th over - 0 runs, 0 hits, 0 errors, 0 left on base; Tri-City 4 - Batavia 7 |
TOP OF THE 9TH |
Tri-City Dust Devils batting - Pitching for Batavia Muckdogs : RHP Matt Slater
|
Pitching: RHP Glen Patterson
|
|
Batting: LHB Phil Lerner
|
0-0: Ball 1-0: Ball 2-0: Called Strike 2-1: Foul Ball, location: 2F 2-2: Ball 3-2: Base on Balls
|
Batting: RHB Hector Fernandez
|
0-0: Foul Ball, location: 2F 0-1: Ball 1-1: Ball 2-1: Ball 3-1: Foul Ball, location: 2F 3-2: Strikes out swinging
|
Batting: SHB Isaiah Scates
|
0-0: Foul Ball, location: 2F 0-1: Ball 1-1: Ball 2-1: Ball 3-1: Foul Ball, location: 2F 3-2: Fielders Choice at 2nd, 4-6 (Groundball, 4, EV 91.2 MPH)
|
Batting: RHB Eric McMillian
|
0-0: Ball 1-0: Ball 2-0: Foul Ball, location: 2F 2-1: Ball 3-1: Foul Ball, location: 2F 3-2: Foul Ball, location: 2F 3-2: Ground out 6-3 (Groundball, 6, EV 89.4 MPH)
|
Top of the 9th over - 0 runs, 0 hits, 0 errors, 1 left on base; Tri-City 4 - Batavia 7 |
|